 Dungeon Crawl Stone Soup version 0.26-a0-737-g4e9f4955e2 (webtiles) character file.

Game seed: 6443706261021684436

1504 robertstho the Chiller (level 8, -1/57 (59) HPs)
             Began as a Gnoll Ice Elementalist on Nov 4, 2020.
             Was an Initiate of Sif Muna.
             Slain by Harold
             ... wielding a +2 scimitar of electrocution
              (16 damage)
             ... on level 7 of the Dungeon.
             The game lasted 00:08:45 (7941 turns).

robertstho the Chiller (Gnoll Ice Elementalist)     Turns: 7941, Time: 00:08:46

HP:   -1/57 (59)    AC:  8    Str: 10    XL:     8   Next: 82%
MP:   11/17         EV: 16    Int: 19    God:    Sif Muna [......]
Gold: 351           SH:  0    Dex: 17    Spells: 4/19 levels left

rFire    + . .     SeeInvis .   r - +4 dagger (venom)
rCold    x . .     Faith    .   (no shield)
rNeg     + . .     Spirit   .   I - +0 steam dragon scales
rPois    .         Reflect  .   n - +0 helmet
rElec    .         Harm     .   (no cloak)
rCorr    .         Rampage  .   (no gloves)
MR       .....                  x - +0 pair of boots
Stlth    +++.......             e - amulet of the acrobat
HPRegen  0.19/turn              B - ring of fire
MPRegen  0.15/turn              D - ring of positive energy

@: frozen ramparts
A: distributed training, fangs 1, strong nose
a: Renounce Religion


You were on level 7 of the Dungeon.
You worshipped Sif Muna.
Sif Muna was noncommittal.
You visited 2 branches of the dungeon, and saw 8 of its levels.

You collected 351 gold pieces.

Inventory:

Hand Weapons
 a - a +1 dagger of electrocution
 r - a +4 dagger of venom (weapon)
 s - a +1 war axe of freezing
Missiles
 o - 20 poisoned darts (quivered)
Armour
 n - a +0 helmet (worn)
 x - a +0 pair of boots (worn)
 I - +0 steam dragon scales (worn)
Jewellery
 e - an amulet of the acrobat (around neck)
 B - a ring of fire (left hand)
 D - a ring of positive energy (right hand)
Wands
 c - a wand of disintegration (16)
 A - a wand of flame (17)
 G - a wand of paralysis (8)
Scrolls
 b - 4 scrolls of teleportation
 f - 3 scrolls of noise {unknown}
 h - 2 scrolls of fear {unknown}
 i - 3 scrolls of fog
 j - a scroll of enchant weapon {unknown}
 k - a scroll of magic mapping {unknown}
 p - 2 scrolls of identify
 w - 2 scrolls of remove curse {unknown}
 y - a scroll of blinking {unknown}
 E - a scroll of enchant armour {unknown}
 F - 2 scrolls of amnesia {unknown}
 H - a scroll of vulnerability {unknown}
Potions
 d - a potion of cancellation
 g - a potion of mutation
 l - a potion of berserk rage
 m - 3 potions of heal wounds {unknown}
 q - 2 potions of brilliance {unknown}
 t - a potion of flight {unknown}
 u - 4 potions of resistance {unknown}
 v - a potion of ambrosia {unknown}
 z - a potion of haste {unknown}
 C - 2 potions of lignification


   Skills:
 + Level 3.6 Fighting
 + Level 3.6 Short Blades
 + Level 3.6 Long Blades
 + Level 3.6 Axes
 + Level 3.6 Maces & Flails
 + Level 3.6 Polearms
 + Level 3.6 Staves
 + Level 3.6 Slings
 + Level 3.6 Bows
 + Level 3.6 Crossbows
 + Level 3.6 Throwing
 + Level 3.6 Armour
 + Level 5.9 Dodging
 + Level 5.6 Stealth
 + Level 3.6 Shields
 + Level 3.6 Unarmed Combat
 + Level 6.2 Spellcasting
 + Level 2.9 Conjurations
 + Level 2.9 Hexes
 + Level 2.9 Summonings
 + Level 2.9 Necromancy
 + Level 2.9 Translocations
 + Level 2.9 Transmutations
 + Level 2.9 Fire Magic
 + Level 7.7 Ice Magic
 + Level 2.9 Air Magic
 + Level 2.9 Earth Magic
 + Level 2.9 Poison Magic
 + Level 4.0 Invocations
 + Level 3.6 Evocations


You had 4 spell levels left.
You knew the following spells:

 Your Spells              Type           Power        Failure   Level
a - Freeze                Ice            ####         1%          1
b - Frozen Ramparts       Ice            #####.       1%          3
c - Ozocubu's Armour      Ice            #####...     1%          3
d - Hailstorm             Conj/Ice       ####....     12%         4
e - Summon Ice Beast      Ice/Summ       ####....     12%         4

Your spell library contained the following spells:

 Spells                   Type           Power        Failure   Level
 Confusing Touch          Hex            ###.....     10%         3
 Gell's Gravitas          Tloc           ###.......   10%         3
 Petrify                  Tmut/Erth      ###.....     32%         4
 Metabolic Englaciation   Hex/Ice        ####......   32%         5
 Yara's Violent Unravell  Hex/Tmut       ###.......   65%         5


Dungeon Overview and Level Annotations

Branches:
Dungeon (7/15)             Temple (1/1) D:7

Altars:
Ashenzari
Cheibriados
Elyvilon
Fedhas
Gozag
Hepliaklqana
Makhleb
Nemelex Xobeh
Okawaru
Qazlal
Ru
Sif Muna
Uskayaw
Wu Jian
Xom
Yredelemnul
Zin
The Shining One

Shops:
D:6 =

Annotations:
D:7 Harold


Innate Abilities, Weirdness & Mutations

Your experience applies equally to all skills.
You have very sharp teeth.
Your uncanny sense of smell can sniff out nearby items.


Message History

r - a +4 dagger of venom (weapon)
Casting: Frozen Ramparts (safe; 1% risk of failure)
Confirm with . or Enter, or press ? or * to list all spells.
A chill wind blows around you.
The wall freezes Harold.
Unknown command.
The wall freezes Harold.
You hit Harold but do no damage.
Harold is poisoned.
Harold is lightly wounded.
The wall freezes Harold.
Harold hits you with a +2 scimitar of electrocution!
You are electrocuted!
Unknown command.
You hit Harold.
Harold looks even sicker.
Harold is lightly wounded.
Your ice beast hits Harold.
Your ice beast freezes Harold.
The wall freezes Harold!
Harold hits you with a +2 scimitar of electrocution!
* * * LOW HITPOINT WARNING * * *
You are electrocuted!
You die...

.## ... ..# ....
...####.# .....
.....#.#
...#.#######.##.#.#
#.......:.).##.#.#
.##....##.>...#.#.#
.......(........#.#
###....##@Y.......#
∆ .......
#@.......)########
......@
#.........>..#...#
.......
#..(.÷...###.#.#.#
....(.. #[.[.....#
#...#.# .......
#..[.[...# #####.#
....... #..<.....#
#.# #.(......# #.#
#...[....# #.#
####.###.#######.#


You could see Harold (very poisoned) and a friendly ice beast (summoned).

Vanquished Creatures
  An ice beast (D:5)
  A necrophage (D:7)
  An orc warrior (D:7)
  An ogre (D:5)
  A black bear (D:6)
  2 centaurs
  A bullfrog (D:6)
  2 jellies
  A gnoll shaman (D:5)
  A bullfrog skeleton (D:5)
  2 orc priests
  A hound (D:2)
  7 orc wizards
  2 worker ants
  4 gnolls
  2 adders
  A white imp (D:3)
  3 oozes
  3 worms
  3 dart slugs
  4 leopard geckos
  18 orcs
  11 bats
  8 giant cockroaches
  4 goblins
  5 hobgoblins
  4 kobolds
  5 quokkas
  7 frilled lizards
  A leopard gecko zombie (D:5)
  A quokka skeleton (D:5)
  4 rats
112 creatures vanquished.

Vanquished Creatures (collateral kills)
  Maggie (D:6)
1 creature vanquished.

Grand Total: 113 creatures vanquished

Notes
Turn   | Place    | Note
-------+----------+-------------------------------------------
     0 | D:1      | robertstho the Gnoll Ice Elementalist began the quest for
                  | the Orb.
     0 | D:1      | Reached XP level 1. HP: 13/13 MP: 6/6
   349 | D:1      | Reached XP level 2. HP: 18/19 MP: 5/7
  1391 | D:2      | Reached XP level 3. HP: 25/25 MP: 9/9
  1393 | D:2      | Reached skill level 5 in Spellcasting
  1774 | D:2      | Reached skill level 1 in Invocations
  2024 | D:2      | Found a basalt altar of Yredelemnul.
  2076 | D:2      | Found a white marble altar of Elyvilon.
  2292 | D:2      | Found a burning altar of Makhleb.
  2300 | D:2      | Reached skill level 1 in Fighting
  2300 | D:2      | Reached skill level 1 in Short Blades
  2300 | D:2      | Reached skill level 1 in Long Blades
  2300 | D:2      | Reached skill level 1 in Axes
  2300 | D:2      | Reached skill level 1 in Maces & Flails
  2300 | D:2      | Reached skill level 1 in Polearms
  2300 | D:2      | Reached skill level 1 in Staves
  2300 | D:2      | Reached skill level 1 in Slings
  2300 | D:2      | Reached skill level 1 in Bows
  2300 | D:2      | Reached skill level 1 in Crossbows
  2300 | D:2      | Reached skill level 1 in Throwing
  2300 | D:2      | Reached skill level 1 in Armour
  2300 | D:2      | Reached skill level 1 in Shields
  2300 | D:2      | Reached skill level 1 in Unarmed Combat
  2300 | D:2      | Reached skill level 1 in Evocations
  2300 | D:2      | Reached XP level 4. HP: 18/32 MP: 8/11
  2669 | D:3      | Learned a level 3 spell: Frozen Ramparts
  2673 | D:3      | Learned a level 3 spell: Ozocubu's Armour
  2848 | D:3      | Reached skill level 1 in Conjurations
  2848 | D:3      | Reached skill level 1 in Hexes
  2848 | D:3      | Reached skill level 1 in Summonings
  2848 | D:3      | Reached skill level 1 in Necromancy
  2848 | D:3      | Reached skill level 1 in Translocations
  2848 | D:3      | Reached skill level 1 in Transmutations
  2848 | D:3      | Reached skill level 1 in Fire Magic
  2848 | D:3      | Reached skill level 1 in Air Magic
  2848 | D:3      | Reached skill level 1 in Earth Magic
  2848 | D:3      | Reached skill level 1 in Poison Magic
  2848 | D:3      | Reached XP level 5. HP: 17/37 MP: 10/12
  2854 | D:3      | Learned a level 4 spell: Hailstorm
  3857 | D:3      | Reached XP level 6. HP: 21/44 MP: 9/13
  4308 | D:4      | Reached skill level 5 in Dodging
  4471 | D:4      | Found a hazy altar of Hepliaklqana.
  5188 | D:5      | Entered Level 5 of the Dungeon
  5225 | D:5      | Noticed an ice beast
  5243 | D:5      | Killed an ice beast
  5243 | D:5      | Reached XP level 7. HP: 15/51 MP: 15/15
  5735 | D:5      | Reached skill level 5 in Stealth
  6492 | D:6      | Found a broken altar of Ashenzari.
  6518 | D:6      | Found a glowing golden altar of the Shining One.
  6554 | D:6      | Reached XP level 8. HP: 44/57 MP: 16/16
  6754 | D:6      | Learned a level 4 spell: Summon Ice Beast
  6766 | D:6      | Found an ornate altar of the Wu Jian Council.
  6792 | D:6      | Found Yteadeip's Jewellery Emporium.
  6875 | D:6      | Noticed Maggie
  6887 | D:6      | Killed Maggie
  7677 | D:7      | Found a staircase to the Ecumenical Temple.
  7709 | Temple   | Entered the Ecumenical Temple
  7863 | Temple   | Became a worshipper of Sif Muna the Loreminder
  7932 | D:7      | Noticed Harold
  7941 | D:7      | Slain by Harold

Illustrated notes

Levels and vault maps discovered:
D:1:      dpeg_arrival_rooms_a, layout_loops_corners, palyth_stone_intersect,
          minmay_misc_feat_secret_circle, kennysheep_boxes
D:2:      layout_basic, makhleb_heckhound_becter, kennysheep_ying_yang,
          chequers_serial_rivers_small_3, minivault_4
D:3:      layout_basic
D:4:      layout_basic, old_standard_altar
D:5:      minmay_chambers_of_threes, layout_basic
D:6:      layout_basic, kennysheep_mini_moat, tso_oasis_becter, serial_shops,
          shop, nicolae_ashenzari_panopticon, uniq_maggie
D:7:      layout_basic, minmay_temple_entry_offerings, serial_shops, shop, shop,
          uniq_harold
Temple:   eino_temple_lava

Skill      XL: |  1  2  3  4  5  6  7  8 |
---------------+-------------------------+-----
Spellcasting   | 5 6 |  6.2
Invocations    | 1 2 3 4 |  4.0
Fighting       | 1 2 3 |  3.6
Short Blades   | 1 2 3 |  3.6
Long Blades    | 1 2 3 |  3.6
Axes           | 1 2 3 |  3.6
Maces & Flails | 1 2 3 |  3.6
Polearms       | 1 2 3 |  3.6
Staves         | 1 2 3 |  3.6
Slings         | 1 2 3 |  3.6
Bows           | 1 2 3 |  3.6
Crossbows      | 1 2 3 |  3.6
Throwing       | 1 2 3 |  3.6
Armour         | 1 2 3 |  3.6
Shields        | 1 2 3 |  3.6
Unarmed Combat | 1 2 3 |  3.6
Evocations     | 1 2 3 |  3.6
Conjurations   | 1 2 |  2.9
Hexes          | 1 2 |  2.9
Summonings     | 1 2 |  2.9
Necromancy     | 1 2 |  2.9
Translocations | 1 2 |  2.9
Transmutations | 1 2 |  2.9
Fire Magic     | 1 2 |  2.9
Air Magic      | 1 2 |  2.9
Earth Magic    | 1 2 |  2.9
Poison Magic   | 1 2 |  2.9
Dodging        | 5 |  5.9
Stealth        | 5 |  5.6
Ice Magic      | |  7.7

Action                   |  1- 3 |  4- 6 |  7- 9 || total
-------------------------+-------+-------+-------++-------
Melee: Unarmed           |     5 |       |       ||     5
       Dagger            |    79 |   154 |    77 ||   310
       Bite              |     6 |    12 |    12 ||    30
       Punch             |       |     1 |       ||     1
       War axe           |       |       |     5 ||     5
 Cast: Freeze            |    30 |     5 |       ||    35
       Frozen Ramparts   |       |     4 |     4 ||     8
       Hailstorm         |       |       |     7 ||     7
       Summon Ice Beast  |       |       |     3 ||     3
  Use: Scroll            |       |       |     6 ||     6
 Stab: Sleeping          |     7 |    10 |     3 ||    20
Armor: Robe              |    12 |    17 |     6 ||    35
       Steam dragon scal |       |       |    14 ||    14
Dodge: Dodged            |    72 |   108 |    59 ||   239

Table legend: (Time is in decaauts)
 A = Elapsed time spent in this place.
 B = Non-inter-level travel time spent in this place.
 C = Inter-level travel time spent in this place.
 D = Time resting spent in this place.
 E = Time spent auto-exploring this place.
 F = Levels seen in this place.
 G = Mean time per level.
                   A        B        C        D        E       F      G
               +--------+--------+--------+--------+--------+-----+--------+
         Total |   7920 |   7713 |    207 |    905 |   5901 |   8 |  990.0 |
       Dungeon |   7757 |   7559 |    198 |    905 |   5755 |   7 | 1108.1 |
        Temple |    163 |    154 |      9 |      0 |    146 |   1 |  163.0 |
               +--------+--------+--------+--------+--------+-----+--------+

Top non-repeatable levels by time:
     D:3: 1558 daAuts
     D:1: 1357 daAuts
     D:2: 1258 daAuts
     D:5: 1250 daAuts
     D:6: 1211 daAuts
     D:4: 1003 daAuts
  Temple: 163 daAuts
     D:7: 117 daAuts
